AoeStats
← Tylemaker

Arabia

509766118Analyzed
2v2 RM · 3d ago on Sep 27, 2026· 46m 13s· 4 players
Game mode
Random Map
Map size
Medium (4 player)
Population
200
Speed
Normal
Resources
Standard
Victory
Conquest
Starting age
Dark Age
Ending age
Imperial Age
RankedLock teamsTeams togetherTeam positionsShared explorationLock speedFull tech treeHidden civsTurbo modeCheats
Victory
Defeat
🇨🇦 Saxons · Canada
1102
+12
🇨🇦 Franks · Canada
1009
+29
🇩🇴 Persians · Dominican Republic
1026
-15
🇩🇴 Khitans · Dominican Republic
991
-13
TruenoG7
0:29 Loom
10:34 Feudal Age
11:16 Horse Collar
11:23 Double-Bit Axe
12:38 Wheelbarrow
14:20 Gold Mining
18:14 Town Watch
18:41 Stone Mining
20:51 Bloodlines
21:39 Forging
23:02 Scale Barding Armor
24:25 Fletching
27:32 Castle Age
27:30 Light Cavalry
28:41 Husbandry
29:12 Bow Saw
29:59 Heavy Plow
31:59 Iron Casting
32:36 Chain Barding Armor
BRUCEWILLY
0:47 Loom
12:06 Feudal Age
14:14 Wheelbarrow
13:22 Domestication
13:30 Double-Bit Axe
16:57 Town Watch
22:22 Padded Archer Armor
22:13 Fletching
24:10 Gold Mining
41:10 Castle Age
Tylemaker
6:51 Loom
9:25 Feudal Age
9:55 Double-Bit Axe
12:08 Fletching
14:11 Horse Collar
22:17 Castle Age
21:33 Padded Archer Armor
22:21 Crossbowman
23:05 Bodkin Arrow
23:13 Gold Mining
24:05 Bow Saw
28:11 Heavy Plow
29:23 Ballistics
35:58 Pikeman
36:40 Squires
36:56 Leather Archer Armor
36:53 Masonry
40:03 Imperial Age
40:19 Arbalester
43:27 Bracer
46:36 Scale Mail Armor
46:47 Forging
jillianv10
7:56 Loom
11:09 Feudal Age
13:28 Double-Bit Axe
19:48 Gold Mining
20:35 Wheelbarrow
24:36 Castle Age
23:00 Stone Mining
25:28 Pikeman
26:18 Scale Barding Armor
26:14 Padded Archer Armor
26:25 Forging
27:18 Husbandry
28:41 Gold Shaft Mining
29:03 Wheelbarrow
31:11 Chain Barding Armor
32:34 Iron Casting
33:46 Leather Archer Armor
39:25 Imperial Age
38:09 Squires
39:21 Bow Saw
39:18 Light Cavalry
40:54 Plate Barding Armor
39:42 Cavalier
41:34 Blast Furnace
40:39 Chivalry
41:51 Paladin
Connection lost

Rejoining the realm…

Still unreachable

The connection could not be restored.

Session expired

The server has moved on; the page needs a fresh start.